 Dungeon Crawl Stone Soup version 0.28.0 (webtiles) character file.

Game seed: 6648789851577483378

35 hikkokomori the Skirmisher (level 3, 0/30 HPs)
             Began as a Formicid Fighter on Feb 10, 2022.
             Killed from afar by an orc wizard (6 damage)
             ... with a magic dart
             ... on level 2 of the Dungeon.
             The game lasted 00:01:15 (1026 turns).

hikkokomori the Skirmisher (Formicid Fighter)       Turns: 1026, Time: 00:01:16

Health: 0/30       AC:  7    Str: 22    XL:     3   Next: 55%
Magic:  3/3        EV:  9    Int:  7    God:
Gold:   0          SH:  0    Dex: 10    Spells: 2/2 levels left

rFire   . . .      SeeInvis +   a - +0 quarterstaff
rCold   . . .      Faith    .   c - +0 buckler
rNeg    . . .      Spirit   .   b - +0 scale mail
rPois   .          Reflect  .   (helmet unavailable)
rElec   .          Harm     .   (no cloak)
rCorr   .          Rampage  .   (no gloves)
Will    .....                   (no boots)
Stlth   ..........              (no amulet)
HPRegen 0.10/turn               (no ring)
MPRegen 0.08/turn               (no ring)

@: confused
A: permanent stasis, dig shafts and tunnels, antennae 3, four strong arms
a: Dig, Shaft Self


You were on level 2 of the Dungeon.
You visited 1 branch of the dungeon, and saw 2 of its levels.

Inventory:

Hand Weapons
 a - a +0 quarterstaff (weapon)
Armour
 b - a +0 scale mail (worn)
 c - a +0 buckler (worn)
Scrolls
 e - a scroll of immolation {unknown}
 f - 3 scrolls of teleportation {unknown}
 g - a scroll of summoning {unknown}
Potions
 d - 2 potions of might
 h - a potion of curing {unknown}


   Skills:
 + Level 4.1 Fighting
 - Level 2.0 Staves
 + Level 4.1 Armour
 - Level 3.6 Shields


You had 2 spell levels left.
You didn't know any spells.
Your spell library contained the following spells:

 Spells                   Type           Power      Damage    Failure   Level
 Freeze                   Ice            0%         1d3       82%         1
 Ensorcelled Hibernation  Hex/Ice        0%         N/A       91%         2
 Passwall                 Tmut/Erth      0%         N/A       91%         2
 Frozen Ramparts          Ice            0%         1d2       99%         3
 Hailstorm                Conj/Ice       0%         3d3       100%        4
 Swiftness                Air            Unusable   N/A       N/A         3

Dungeon Overview and Level Annotations

Branches:
Dungeon (2/15)

Altars:


Innate Abilities, Weirdness & Mutations

You cannot be hasted, slowed, berserked, paralysed or teleported.
You can dig through walls and to a lower floor.
You have a pair of large antennae on your head. (SInv)
Your four strong arms can wield two-handed weapons with a shield.


Message History

You hit the orc but do no damage. The orc barely misses you.
The orc wizard casts a spell at you. The magic dart hits you.
You sock the orc!
You kill the orc!
The orc closely misses you. The orc wizard casts a spell at you.
The magic dart hits you!
You are too injured to fight recklessly!
You are too injured to fight recklessly!
You are too injured to fight recklessly!
You hit the orc.
The orc is lightly wounded.
The orc hits you with a +0 mace.
* * * LOW HITPOINT WARNING * * *
An orc comes into view. It is wielding a +0 whip.
The orc closely misses you.
Unknown command.
The orc shouts!
You hit the orc.
You kill the orc!
The orc wizard points at you and mumbles some strange words.
You are confused.
Unknown command.
The orc wizard casts a spell.
The orc wizard flickers and vanishes for a moment.
You feel less confused.
You completely miss the orc. The orc closely misses you.
You hit the orc but do no damage. The orc hits you with a +0 whip.
* * * LOW HITPOINT WARNING * * *
You sock the orc!
You kill the orc!
The orc wizard casts a spell at you. You resist with some effort.
The orc wizard casts a spell at you.
You are confused.
You're too confused to move!
The orc wizard points at you and mumbles some strange words.
The magic dart hits you.
You die...

........####........#
.....................
##### #........)).......#
....###.................#
....#...................#
....#...................#
..............###.......#
...###........###o......#
...#<.#...†.....@#......#
......#.#......#.#........
..#####.#......#.#........
........#......#.#........
....###.......#...........
......'.......#...........
......#......##........#.
#...........#.+....
............#.#


You could see an orc wizard (invisible).

Vanquished Creatures
  An adder (D:2)
  A dart slug (D:2)
  3 orcs (D:2)
  4 endoplasms
  2 giant cockroaches (D:1)
  2 hobgoblins (D:1)
  2 quokkas (D:1)
  A bat (D:1)
  2 frilled lizards (D:1)
  2 rats (D:1)
20 creatures vanquished.

Notes
Turn   | Place    | Note
-------+----------+-------------------------------------------
     0 | D:1      | hikkokomori the Formicid Fighter began the quest for the
                  | Orb.
     0 | D:1      | Reached XP level 1. HP: 18/18 MP: 1/1
   256 | D:1      | Reached XP level 2. HP: 18/24 MP: 2/2
   593 | D:1      | Found a faded altar of an unknown god.
   887 | D:2      | Reached XP level 3. HP: 25/30 MP: 3/3
  1026 | D:2      | Killed from afar by an orc wizard

Illustrated notes

Levels and vault maps discovered:
D:1:      ebering_trefoil_twist, layout_basic,
          shapermc_ecumenical_altar_mp_vishouse
D:2:      layout_basic, wad_floor_pattern_2

Skill      XL: |  1  2  3 |
---------------+----------+-----
Armour         | 4 |  4.1
Fighting       | 4 |  4.1
Staves         | |  2.0
Shields        | |  3.6

Action                   || total
-------------------------++-------
Melee: Quarterstaff      ||    50
Armor: Scale mail        ||    14
Dodge: Dodged            ||    20
Block: Buckler           ||     4
